 Dungeon Crawl Stone Soup version 0.30-a0-857-gcaf70739d4 (webtiles) character file.

Game seed: 13856851501375123178

732 Demosthentine the Ducker (level 7, -2/55 HPs)
             Began as a Demonspawn Gladiator on Mar 6, 2023.
             Shot with an arrow by a centaur (4 damage)
             ... on level 5 of the Dungeon.
             The game lasted 00:04:57 (4076 turns).

Demosthentine the Ducker (Demonspawn Gladiator)     Turns: 4076, Time: 00:04:58

Health: -2/55      AC: 13    Str: 16    XL:     7   Next: 45%
Magic:  16/16      EV: 13    Int:  9    God:
Gold:   217        SH:  0    Dex: 15    Spells: 6/6 levels left

rFire   . . .      SeeInvis .    a - +1 trident (protect)
rCold   + . .      Faith    .    (no shield)
rNeg    . . .      Spirit   .    k - +0 leather armour {rPois}
rPois   +          Reflect  .    c - +0 helmet
rElec   .          Rampage  .    (no cloak)
rCorr   .                        (no gloves)
Will    .....                    g - +0 pair of boots
Stlth   +                        (no amulet)
HPRegen 0.29/turn                m - ring of protection from cold
MPRegen 0.30/turn                f - ring of magical power

@: under a protective aura
A: claws 2, magic regeneration, sharp scales 1
a: no special abilities


You were on level 5 of the Dungeon.
You visited 1 branch of the dungeon, and saw 5 of its levels.

You collected 217 gold pieces.

Inventory:

Hand Weapons
 a - a +1 trident of protection (weapon)
Missiles
 d - 2 throwing nets (quivered)
 e - a javelin
Armour
 c - a +0 helmet (worn)
 g - a +0 pair of boots (worn)
 k - a +0 leather armour of poison resistance (worn)
Jewellery
 f - a ring of magical power (right claw)
 m - a ring of protection from cold (left claw)
Wands
 q - a wand of mindburst (11)
Scrolls
 n - 2 scrolls of amnesia
 p - a scroll of silence
Potions
 b - a potion of cancellation {unknown}
 h - 2 potions of lignification
 j - a potion of curing
 l - 3 potions of brilliance
 o - a potion of heal wounds {unknown}


   Skills:
 + Level 4.5 Fighting
 + Level 4.5 Polearms
 - Level 1.7 Throwing
 + Level 3.4 Armour
 + Level 4.6 Dodging


You had 6 spell levels left.
You didn't know any spells.
Your spell library contained the following spells:

 Spells                   Type           Power      Damage    Failure   Level
 Static Discharge         Conj/Air       0%         2-2/arc   58%         2
 Vhi's Electric Charge    Tloc/Air       0%         N/A       82%         3
 Petrify                  Tmut/Erth      0%         N/A       99%         4
 Arcjolt                  Conj/Air       0%         1d10      100%        5
 Lightning Bolt           Conj/Air       0%         1d11      100%        5
 Metabolic Englaciation   Hex/Ice        0%         N/A       100%        5
 Statue Form              Tmut/Erth      0%         N/A       100%        6


Dungeon Overview and Level Annotations

Branches:
Dungeon (5/15)
 Temple: D:4-7

Altars:


Innate Abilities, Weirdness & Mutations

You have very sharp fingernails.
You regenerate magic rapidly.
You are partially covered in razor-sharp scales. (AC +1, Slay +1)


Message History

* * * LOW HITPOINT WARNING * * *
The phantom blinks!
You blink.
Okay, then.
It was a potion of magic.
Magic courses through your body.
The centaur shoots an arrow.
The arrow hits you.
* * * LOW HITPOINT WARNING * * *
The phantom hits you but does no damage.
You are too injured to fight recklessly!
You feel better.
The centaur shoots an arrow.
The arrow hits you.
The phantom hits you but does no damage.
You hit the phantom.
The phantom is severely damaged.
The centaur shoots an arrow.
The arrow hits you.
* * * LOW HITPOINT WARNING * * *
The centaur shoots an arrow.
The arrow hits you!
* * * LOW HITPOINT WARNING * * *
The phantom closely misses you.
You feel better.
The centaur shoots an arrow.
The arrow completely misses you. The phantom closely misses you.
You miss the phantom.
The phantom is severely damaged.
The centaur shoots an arrow.
The arrow hits you but does no damage. The phantom hits you.
* * * LOW HITPOINT WARNING * * *
The phantom blinks!
You blink.
You closely miss the phantom.
The phantom is severely damaged.
The centaur shoots an arrow.
The arrow hits you.
* * * LOW HITPOINT WARNING * * *
The phantom hits you.
* * * LOW HITPOINT WARNING * * *
The centaur shoots an arrow.
The arrow closely misses you.
You hit the phantom.
The phantom is almost destroyed.
The phantom hits you but does no damage.
You closely miss the phantom.
The phantom is almost destroyed.
The phantom hits you but does no damage.
The centaur shoots an arrow.
The arrow hits you.
You die...

#...# .. #...###.. ....
#...#.... ... #.......
... ######..... ..
.........# ..#####
#...##### ##....#
#...##... ######@....##
#...##...
....#W......###...##...
.[...c................
##.#..........#.###...
#.........##.#.#.....
####.".......#.#.#...
...#........###.#.####
.........(........####
##.............[......


You could see a phantom and a centaur.

Vanquished Creatures
  A black bear (D:4)
  An ogre (D:3)
  A centaur (D:4)
  3 scorpions
  A hound (D:5)
  2 orc priests (D:4)
  2 orc wizards (D:4)
  A sleepcap (D:5)
  An iguana (D:5)
  3 adders
  A worm (D:4)
  3 dart slugs
  7 orcs
  5 ball pythons
  5 bats
  6 endoplasms
  4 giant cockroaches
  9 hobgoblins
  8 jackals
  5 kobolds
  6 quokkas
  A frilled lizard (D:2)
  7 goblins
  4 rats
87 creatures vanquished.

Notes
Turn   | Place    | Note
-------+----------+-------------------------------------------
     0 | D:1      | Demosthentine the Demonspawn Gladiator began the quest for
                  | the Orb.
     0 | D:1      | Reached XP level 1. HP: 16/16 MP: 1/1
   413 | D:1      | Gained mutation: You regenerate magic rapidly. [demonic
                  | ancestry]
   413 | D:1      | Reached XP level 2. HP: 22/22 MP: 2/2
  1173 | D:2      | Reached skill level 1 in Armour
  1173 | D:2      | Reached XP level 3. HP: 24/28 MP: 3/3
  2153 | D:3      | Gained mutation: You are partially covered in razor-sharp
                  | scales. (AC +1, Slay +1) [demonic ancestry]
  2153 | D:3      | Reached XP level 4. HP: 34/34 MP: 4/4
  2296 | D:3      | Noticed an ogre
  2305 | D:3      | Killed an ogre
  2306 | D:3      | Gained mutation: You have sharp fingernails. [demonic
                  | ancestry]
  2306 | D:3      | Reached XP level 5. HP: 40/41 MP: 5/5
  2987 | D:4      | Noticed a centaur
  2987 | D:4      | Noticed a black bear
  2995 | D:4      | Killed a centaur
  3001 | D:4      | Killed a black bear
  3002 | D:4      | Reached XP level 6. HP: 48/48 MP: 6/6
  3135 | D:5      | Entered Level 5 of the Dungeon
  3288 | D:4      | Gained mutation: You have very sharp fingernails. [demonic
                  | ancestry]
  3288 | D:4      | Reached XP level 7. HP: 22/54 MP: 7/7
  4074 | D:5      | HP: 1/55 [phantom (4)]
  4076 | D:5      | Shot with an arrow by a centaur

Illustrated notes

Levels and vault maps discovered:
D:1:      amcnicky_arrival_choice, layout_basic, grunt_decor_clamped
D:2:      layout_loops_corners, minmay_misc_feat_more_columns, minivault_27
D:3:      layout_basic
D:4:      layout_cave_pools, kennysheep_potato
D:5:      layout_rooms, ebering_ghost_sewer_f

Skill      XL: |  1  2  3  4  5  6 |
---------------+-------------------+-----
Dodging        | 3 4 |  4.6
Polearms       | 3 4 |  4.5
Armour         | 1 2 3 |  3.4
Fighting       | 3 4 |  4.5
Throwing       | |  1.7

Action                     |  1- 3 |  4- 6 |  7- 9 || total
---------------------------+-------+-------+-------++-------
  Melee: Trident           |   123 |   102 |    90 ||   315
         Punch             |     1 |     2 |     1 ||     4
  Throw: Throwing net      |       |     1 |       ||     1
    Use: Scroll            |    10 |     2 |     1 ||    13
         Potion            |     1 |     2 |     3 ||     6
   Stab: Sleeping          |     2 |       |       ||     2
 Armour: Leather armour    |    38 |    38 |    42 ||   118
         Skin              |       |    92 |       ||    92
  Dodge: Dodged            |    60 |    63 |    73 ||   196

Table legend: (Time is in decaauts)
 A = Elapsed time spent in this place.
 B = Non-inter-level travel time spent in this place.
 C = Inter-level travel time spent in this place.
 D = Time resting spent in this place.
 E = Time spent auto-exploring this place.
 F = Levels seen in this place.
 G = Mean time per level.
                   A        B        C        D        E       F      G
               +--------+--------+--------+--------+--------+-----+--------+
         Total |   4113 |   4040 |     73 |    537 |   2812 |   5 |  822.6 |
       Dungeon |   4113 |   4040 |     73 |    537 |   2812 |   5 |  822.6 |
               +--------+--------+--------+--------+--------+-----+--------+

Top non-repeatable levels by time:
     D:2: 1054 daAuts
     D:4: 1044 daAuts
     D:1: 959 daAuts
     D:3: 819 daAuts
     D:5: 235 daAuts
